[Event "Championnat du monde jeunes U10"]
[Date "2024.11.25"]
[White "Chen, Chicheng Leon"]
[Black "Yao, Lucas Mason Pin Qian"]
[WhiteElo "1987"]
[BlackElo "1687"]
[Round "10.37"]
[Result "1-0"]
[TimeControl "5400+30"]

1. e4 e5 2. Nf3 Nc6 3. Bc4 Bc5 4. c3 Nf6 5. d4 exd4 6. b4 Be7 7. e5 Ne4 8. Bd3 d5 9. b5 Nb8 10. cxd4 c5 11. Nbd2 Nxd2 12. Bxd2 c4 13. Bc2 Bg4 14. O-O O-O 15. Qe2 Qd7 16. a4 Bf5 17. Bg5 Bxc2 18. Qxc2 h6 19. Bxe7 Qxe7 20. g3 Nd7 21. Nh4 Qe6 22. Nf5 Nb6 23. f4 Nc8 24. Kh1 Qg6 25. g4 Kh8 26. Qg2 Rd8 27. Rad1 a6 28. Ne3 axb5 29. f5 Qg5 30. Nxd5 Rxa4 31. f6 g6 32. Nc3 Ra3 33. Nxb5 Rb3 34. Nc7 c3 35. e6 Rb2 36. Qg3 c2 37. e7 Nxe7 38. fxe7 cxd1=Q 39. exd8=Q+ Qxd8 40. Rxd1 Rc2 41. Qe5+ Kh7 42. Ne8 f6 43. Nxf6+ Qxf6 44. Qxf6 Rc7 45. d5 b5 46. d6 Rd7 47. Qe7+ Rxe7 48. dxe7 Kg7 49. Rf1 g5 50. e8=Q h5 51. Rf7+ Kh6 52. Qh8+ Kg6 53. Qxh5# 1-0

[Variant "Standard"]
[Site "Europe Echecs"]

[Event "Championnat du monde jeunes U10"]
[Date "2024.11.25"]
[White "Bartash, Saveli"]
[Black "Chakhalov, Mikael"]
[WhiteElo "1661"]
[BlackElo "1962"]
[Round "10.38"]
[Result "0-1"]
[TimeControl "5400+30"]

1. e4 c5 2. Nf3 Nc6 3. d4 cxd4 4. Nxd4 Nf6 5. Nc3 d6 6. Be2 e5 7. Nb3 Be7 8. Be3 O-O 9. f3 Be6 10. Qd2 a6 11. O-O-O b5 12. g4 Rc8 13. h4 Na5 14. Kb1 Nc4 15. Bxc4 Bxc4 16. h5 a5 17. g5 Nd7 18. g6 fxg6 19. hxg6 hxg6 20. Qg2 Rf6 21. Bg5 Re6 22. Bxe7 Qxe7 23. Qh3 Kf7 24. Nd5 Bxd5 25. exd5 Rf6 26. Nxa5 Rc5 27. Nc6 Qe8 28. Qg3 Nb6 29. Nb4 Qa8 30. f4 exf4 31. Qf3 Nc4 32. Qg4 Ne5 33. Qh3 Qc8 34. Qh2 Ng4 35. Qd2 Ne3 36. Rde1 g5 37. Rxe3 fxe3 38. Qxe3 Rf5 39. a3 Rc4 40. Nc6 Qe8 41. Qa7+ Kf6 42. Rh7 Qf7 43. Qe3 Rxd5 44. Rh1 Rxc6 45. Rf1+ Rf5 46. Rxf5+ Kxf5 47. Qf3+ Ke6 48. Qxc6 Qf1+ 49. Ka2 Qc4+ 50. Qxc4+ bxc4 51. a4 Kd7 0-1

[Variant "Standard"]
[Site "Europe Echecs"]

[Event "Championnat du monde jeunes U10"]
[Date "2024.11.25"]
[White "Garcia Tanjala, Marko"]
[Black "Barsov, Mikhail"]
[WhiteElo "1833"]
[BlackElo "1668"]
[Round "10.39"]
[Result "1-0"]
[TimeControl "5400+30"]

1. e4 c6 2. Nf3 d5 3. Nc3 dxe4 4. Nxe4 Nf6 5. Qe2 Nxe4 6. Qxe4 Nd7 7. Bc4 Nf6 8. Ne5 e6 9. Qe2 b5 10. Bd3 Qc7 11. a4 b4 12. b3 Bd6 13. Bb2 Bb7 14. O-O-O Nd5 15. g3 a6 16. Nc4 Nf6 17. f4 c5 18. Rhf1 O-O-O 19. a5 Nd7 20. Bxg7 Rhg8 21. Bb2 h6 22. Qh5 f6 23. Rde1 Rde8 24. Bg6 Re7 25. Bf7 Rf8 26. Bxe6 Kb8 27. f5 Rfe8 28. Qxh6 Bd5 29. Nxd6 Qxd6 30. Qf4 Qxf4 31. Rxf4 Bxe6 32. Rfe4 Rh8 33. fxe6 Ne5 34. Rxe5 Rxh2 35. Rxc5 Rxe6 36. Kd1 Rd6 37. d3 Rg2 38. Bc1 Kb7 39. Re7+ Kb8 40. Bf4 Rg1+ 41. Kd2 Rg2+ 42. Kc1 Rg1+ 43. Kb2 Ka8 44. Rc8# 1-0

[Variant "Standard"]
[Site "Europe Echecs"]

[Event "Championnat du monde jeunes U10"]
[Date "2024.11.25"]
[White "Buklaho, Ignacy"]
[Black "Hochman, Gur"]
[WhiteElo "1822"]
[BlackElo "1626"]
[Round "10.40"]
[Result "1-0"]
[TimeControl "5400+30"]

1. c4 e5 2. g3 Nc6 3. Bg2 f5 4. Nc3 Nf6 5. e3 d5 6. cxd5 Nb4 7. d3 Nbxd5 8. Nxd5 Nxd5 9. Nf3 Bd6 10. O-O O-O 11. Qb3 Be6 12. Nd4 exd4 13. Bxd5 Bxd5 14. Qxd5+ Kh8 15. Qxd4 Qe8 16. Bd2 Rf6 17. Bc3 Qh5 18. Qd5 Rh6 19. Qg2 Re8 20. Rae1 Ree6 21. b4 Kg8 22. f4 c5 23. b5 c4 24. dxc4 Re4 25. Bd4 Rhe6 26. c5 Bxf4 27. Qf2 Bxg3 28. hxg3 Rh6 29. Qg2 Rh4 30. Qd5+ 1-0

[Variant "Standard"]
[Site "Europe Echecs"]

[Event "Championnat du monde jeunes U10"]
[Date "2024.11.25"]
[White "Blekh, Erik"]
[Black "Otetileu, Amanbek"]
[WhiteElo "1790"]
[BlackElo "1632"]
[Round "10.41"]
[Result "1/2-1/2"]
[TimeControl "5400+30"]

1. Nf3 Nf6 2. g3 g6 3. b3 Bg7 4. Bb2 O-O 5. Bg2 c6 6. O-O d5 7. c4 Re8 8. d4 a5 9. Nc3 b6 10. Ne5 Bb7 11. e4 e6 12. h3 Nbd7 13. Nxd7 Qxd7 14. e5 Nh5 15. Qd2 Bf8 16. g4 Ng7 17. Rac1 Ba6 18. Na4 Rab8 19. Rfe1 Red8 20. c5 bxc5 21. Nxc5 Bxc5 22. Rxc5 a4 23. b4 Bc4 24. a3 Rb5 25. Bc3 Rxc5 26. bxc5 Rb8 27. Bb4 Ne8 28. Bf1 Bxf1 29. Kxf1 Qb7 30. Kg2 Nc7 31. Qc2 Qb5 32. Rb1 Na6 33. Qd2 Kg7 34. Rb2 Nxb4 35. Rxb4 Qa5 36. Qc3 Rxb4 37. axb4 Qa6 38. Qf3 Qa8 39. Qa3 Kf8 40. b5 cxb5 41.
c6+ Ke8 42. Qd6 Qc8 1/2-1/2

[Variant "Standard"]
[Site "Europe Echecs"]

[Event "Championnat du monde jeunes U10"]
[Date "2024.11.25"]
[White "Bulat, Mansur"]
[Black "Zhou, Martin"]
[WhiteElo "1610"]
[BlackElo "1776"]
[Round "10.42"]
[Result "1-0"]
[TimeControl "5400+30"]

1. e4 c5 2. Nf3 e6 3. d4 cxd4 4. Nxd4 a6 5. Nc3 Qc7 6. g3 Nf6 7. Bg2 Be7 8. f4 d6 9. g4 Nc6 10. g5 Nd7 11. Nxc6 bxc6 12. O-O d5 13. exd5 cxd5 14. Kh1 O-O 15. f5 g6 16. fxe6 fxe6 17. Nxd5 exd5 18. Qxd5+ Kh8 19. Rxf8+ Bxf8 20. Qxa8 Qxc2 21. Be3 Kg7 22.
Rc1 Qd3 23. Qxc8 Qxe3 24. Qxd7+ Kh8 25.
Qc8 Qe7 26. Rf1 Kg7 27. Qc3+ Kg8 28.
Bd5+ Qf7 29. Bxf7# 1-0

[Variant "Standard"]
[Site "Europe Echecs"]

[Event "Championnat du monde jeunes U10"]
[Date "2024.11.25"]
[White "Yrysov, Timur"]
[Black "Katta, Sriansh"]
[WhiteElo "1604"]
[BlackElo "1766"]
[Round "10.43"]
[Result "0-1"]
[TimeControl "5400+30"]

1. e4 c5 2. Nf3 Nc6 3. d4 cxd4 4. Nxd4 e5 5. Nb5 d6 6. c4 Be6 7. N5c3 g6 8. Bd3 Bg7 9. O-O Nd4 10. Nd5 Bxd5 11. cxd5 Nf6 12. Bg5 O-O 13. Nd2 h6 14. Be3 Nd7 15. Nb3 f5 16. Bxd4 exd4 17. exf5 gxf5 18. Bb5 Nc5 19. Nxc5 dxc5 20. Bc4 Qd6 21. Re1 Rf6 22. Qf3 Raf8 23. Re6 Rxe6 24. dxe6 Qe7 25. Re1 Kh8 26. Qd5 b6 27. h3 Kg8 28. Qd7 Re8 29. Kh2 Bf6 30. Qxe7 Rxe7 31. f4 Kf8 32. Bd3 Ke8 33. Bxf5 c4 34. g4 d3 35. b3 d2 36. Rd1 c3 37. Kg3 Rxe6 38. h4 Re3+ 39. Kf2 Bd4 40. Kg2 Re2+ 41. Kf3 Rf2+ 42. Kg3 Be3 43. g5 Rxf4 44. Bg6+ Ke7 45. gxh6 Rf6 46. Bc2 Bxh6 47. Kg2 Kd6 48. Rf1 Re6 49. Rf3 Bg7 50. Rg3 Bh8 51. h5 Re2+ 52. Kf3 Re1 53. Rg8 Bf6 54. h6 d1=Q+ 55. Bxd1 Rxd1 56. h7 c2 57. Rd8+ Kc7 58. h8=Q Bxh8 59. Rxh8 c1=Q 0-1

[Variant "Standard"]
[Site "Europe Echecs"]

[Event "Championnat du monde jeunes U10"]
[Date "2024.11.25"]
[White "Chen, Pin-Jui"]
[Black "Kais, Kristofer"]
[WhiteElo "1505"]
[BlackElo "1723"]
[Round "10.44"]
[Result "0-1"]
[TimeControl "5400+30"]

1. e4 c5 2. Nf3 g6 3. d4 cxd4 4. Nxd4 Nc6 5. c4 Nf6 6. Nc3 Nxd4 7. Qxd4 d6 8. Be2 Bg7 9. O-O O-O 10. Qd3 Be6 11. Be3 Rc8 12. b3 Qa5 13. Rac1 a6 14. Rfd1 Nd7 15. f3 b5 16. Nd5 Bxd5 17. exd5 bxc4 18. bxc4 Qxa2 19.
Rc2 Qa5 20. Rb1 Rb8 21. Rcc1 Nc5 22.
Qc2 Qa3 23. Bxc5 Qxc5+ 24. Kh1 a5 25.
Qa2 Rb4 26. Bd1 Rfb8 27. Rxb4 Rxb4 28.
Rc2 Qd4 29. Be2 Qf2 30. h3 Qe1+ 31. Bf1 Qxf1+ 32. Kh2 Be5+ 33. g3 Rb1 0-1

[Variant "Standard"]
[Site "Europe Echecs"]

[Event "Championnat du monde jeunes U10"]
[Date "2024.11.25"]
[White "Aguike, Toshiya"]
[Black "Ismailov, Omarbek"]
[WhiteElo "1716"]
[BlackElo "1625"]
[Round "10.45"]
[Result "0-1"]
[TimeControl "5400+30"]

1. e4 c5 2. Nf3 Nc6 3. d4 cxd4 4. Nxd4 Nf6 5. Nc3 e6 6. Ndb5 Bb4 7. a3 Bxc3+ 8. Nxc3 d5 9. exd5 Nxd5 10. Nxd5 Qxd5 11. Qxd5 exd5 12. Bf4 Bf5 13. O-O-O O-O-O 14. Bb5 Rhe8 15. Rd2 Re4 16.
Bg3 Re6 17. Rhd1 d4 18. c3 Na5 19. Ba4 d3 20. Bc2 Rd5 21. b4 dxc2 22. Rxd5 Nb3+ 23. Kb2 cxd1=Q 24. Rxd1 Re2+ 25. Kxb3 Bc2+ 26. Kc4 Bxd1 27. Kd3 Ra2 28. c4 Rxa3+ 29. Kd4 a5 30. b5 Rb3 31.
Be5 f6 32. Bd6 a4 33. c5 a3 34. c6 a2 35. Kc5 a1=Q 36. Kb6 Qa8 37. c7 Qa6+ 38. Kc5 Rxb5+ 39. Kd4 Qxd6+ 40. Ke3 Rb3+ 41. Ke4 Bc2# 0-1

[Variant "Standard"]
[Site "Europe Echecs"]

[Event "Championnat du monde jeunes U10"]
[Date "2024.11.25"]
[White "Radiukevich, Viacheslau"]
[Black "DAmato, Raffaele"]
[WhiteElo "1484"]
[BlackElo "1695"]
[Round "10.46"]
[Result "0-1"]
[TimeControl "5400+30"]

1. e4 c5 2. Nf3 a6 3. d4 cxd4 4. Nxd4 e5 5. Nb3 Nc6 6. Nc3 Nf6 7. a3 Be7 8. Be3 O-O 9. Be2 d6 10. O-O Be6 11. Nd5 Nxe4 12. Bb6 Qd7 13. c4 Bxd5 14. cxd5 Nb8 15. Bg4 Qb5 16. Ba5 Nf6 17. Bf3 e4 18. a4 Qd7 19. Be2 Qf5 20. Bc4 Nbd7 21. Nd4 Qg5 22. f4 exf3 23. Nxf3 Qe3+ 24. Kh1 Ne4 25. Qe1 Qxe1 26. Raxe1 Ndf6 27. Bd3 Nc5 28.
Rxe7 Nxd3 29. Rxb7 Nxd5 30. Nd4 Nc5 31. Rf5 Nxb7 32. Rxd5 Nxa5 33. Rxa5 h6 34. Rd5 Rac8 35. h3 Rc1+ 36. Kh2 Rd1 37. Rxd6 g6 38. Nf5 Rxd6 39. Nxd6 Rb8 40. Nc4 Rb4 41. b3 Rxb3 42. a5 Rc3 43. Nd6 Rc5 44. Nb7 Rb5 45. Nd6 Rxa5 46. Nc4 Ra1 47. Nd2 a5 48. Nb3 Ra3 49. Nd2 a4 50. Nc4 Ra1 51. Ne3 a3 52. Nc2 Ra2 53. Nd4 Rb2 54. Kg3 a2 55. Nc6 a1=Q 56. Ne7+ Kf8 57. Nc8 Rb3+ 58. Kf4 Qd4# 0-1

[Variant "Standard"]
[Site "Europe Echecs"]

[Event "Championnat du monde jeunes U10"]
[Date "2024.11.25"]
[White "Vedrickas, Vytis"]
[Black "Chkhartishvili, Lazare"]
[WhiteElo "1642"]
[BlackElo "1836"]
[Round "10.47"]
[Result "0-1"]
[TimeControl "5400+30"]

1. e4 c5 2. Nf3 Nc6 3. d4 cxd4 4. Nxd4 Nf6 5. Nc3 e5 6. Ndb5 d6 7. Nd5 Nxd5 8. exd5 Nb8 9. c4 Be7 10. Bd3 O-O 11. O-O Nd7 12. a3 f5 13. f3 Nb6 14. Kh1 Bd7 15. Nc3 Rc8 16. Qe2 Bf6 17. Be3 a6 18. Rac1 Qc7 19. Rc2 g6 20. b3 Be8 21. Rfc1 Nd7 22. Qd2 Nc5 23. Bxc5 dxc5 24. Ne2 Qe7 25. Ng3 Bg5 26. Qe2 Bxc1 27. Rxc1 Qd6 28. Re1 Bd7 29. Qb2 Rfe8 30. Rc1 b5 31. Qe2 Rb8 32. Qc2 bxc4 33. Bxc4 Bb5 34. Re1 Bxc4 35. Qxc4 Red8 36. Rd1 Kg7 37. Ne2 Rd7 38. Nc3 Rdb7 39. Rb1 g5 40. h3 h5 41. Na4 Rc7 42. Rc1 Rbc8 43. Rc2 g4 44. hxg4 hxg4 45. fxg4 Qh6+ 46. Kg1 Qe3+ 47. Rf2 Rf8 48. gxf5 Kh8 49. f6 Rh7 50. Qxc5 Qh6 51. Kf1 Rhf7 52. Qd6 Rxf6 53. Qxe5 Qc1+ 54. Ke2 Qc2+ 55. Ke1 Qxf2+ 56. Kd1 Qxg2 57.
Nc5 Kg8 58. Nd3 Rf1+ 59. Ne1 Rxe1+ 0-1

[Variant "Standard"]
[Site "Europe Echecs"]

[Event "Championnat du monde jeunes U10"]
[Date "2024.11.25"]
[White "Popov, Aleksandr And"]
[Black "Fattori Dittmar, Luca"]
[WhiteElo "1651"]
[BlackElo "1766"]
[Round "10.48"]
[Result "1/2-1/2"]
[TimeControl "5400+30"]

1. e4 e6 2. d4 d5 3. e5 c5 4. c3 Nc6 5. Nf3 Qb6 6. a3 c4 7. Nbd2 Na5 8. Rb1 Qc7 9. b3 cxb3 10. Nxb3 Nc4 11. Nbd2 Nxd2 12. Bxd2 Ne7 13. Bd3 Nc6 14. a4 Be7 15. O-O O-O 16. Qc2 h6 17. Qc1 Bd8 18. Rb2 Qe7 19. Bb1 f5 20. h4 Qf7 21. g3 Bb6 22. Kg2 Na5 23. Bd3 Bd7 24. Qc2 Rac8 25. Qd1 Qe8 26. Ra2 Qd8 27. Bb5 Nc4 28. Bxc4 Rxc4 29. Qb3 Qc7 30. Rc1 Ba5 31. Ng1 Qc6 32. Ne2 Qa6 33. Kf1 Rfc8 34. Ra3 Bb6 35. Rca1 Ba5 36. Rc1 Be8 37. Ke1 Qc6 38. Rca1 Bh5 39. Rc1 Bxe2 40. Kxe2 1/2-1/2

[Variant "Standard"]
[Site "Europe Echecs"]

[Event "Championnat du monde jeunes U10"]
[Date "2024.11.25"]
[White "Santoro, Marco Antonio"]
[Black "Grimm, Jakob"]
[WhiteElo "1765"]
[BlackElo "1646"]
[Round "10.1"]
[Result "1-0"]
[TimeControl "5400+30"]

1. e4 e5 2. Nf3 Nc6 3. Bc4 Bc5 4. d4 exd4 5. c3 Nf6 6. e5 d5 7. Be2 Ne4 8. cxd4 Bb6 9. O-O O-O 10. Nc3 Bf5 11. Be3 f6 12. exf6 Rxf6 13. Ne5 Nxc3 14. bxc3 Nxe5 15. dxe5 Rf8 16. Bxb6 axb6 17. f4 Qd7 18. g4 Be4 19. h3 Ra3 20. Bd3 Qc6 21. Bxe4 dxe4 22. Rc1 Rxc3 23. Rxc3 Qxc3 24. Qd5+ Kh8 25.
Qxe4 Qxh3 26. Qg2 Qxg2+ 27. Kxg2 Kg8 28.
f5 Kf7 29. Rd1 Ke7 30. e6 Ra8 31. Rd7+ Kf6 32. Rf7+ Kg5 33. e7 Rxa2+ 34. Kf3 Ra3+ 35. Ke4 Ra1 36. Rxg7+ Kh4 37. Rxh7+ Kg5 38. Rg7+ Kh6 39. Rg6+ Kh7 40. Re6 Kg7 41. e8=Q Re1+ 42. Kd3 Rd1+ 43. Kc2 Rd2+ 44. Kxd2 Kh7 45. Qg6+ 1-0

[Variant "Standard"]
[Site "Europe Echecs"]

[Event "Championnat du monde jeunes U10"]
[Date "2024.11.25"]
[White "Kalinichenko, German Yu"]
[Black "Sander, Tino"]
[WhiteElo "1621"]
[BlackElo "1736"]
[Round "10.2"]
[Result "1-0"]
[TimeControl "5400+30"]

1. e4 e5 2. d4 exd4 3. c3 d5 4. exd5 Qxd5 5. cxd4 Nc6 6. Nf3 Bg4 7. Be2 Bb4+ 8. Nc3 Bxf3 9. Bxf3 Qc4 10. Qb3 Qxb3 11. axb3 Na5 12. Ra4 Bxc3+ 13. bxc3 Nxb3 14. Be3 c6 15. Ra3 Nxd4 16. Bxd4 f6 17. Rxa7 Rxa7 18. Bxa7 Ne7 19. O-O Kf7 20. Rb1 b5 21. Bc5 Rc8 22. Bxe7 Kxe7 23. Rd1 c5 24. Kf1 g6 25. Ra1 Rc7 26. Ke2 Kf7 27. Rb1 b4 28. cxb4 cxb4 29. Rxb4 Rc2+ 30. Ke3 Kg7 31. Rb7+ Kh6 32. g3 f5 33. Bd5 Rc8 34. h4 Rh8 35. Ra7 Rd8 36. Kd4 Re8 37. f3 Rb8 38. Rb7 Re8 39. g4 fxg4 40. fxg4 Rh8 41. Ke5 g5 42. Kf6 gxh4 43. g5+ Kh5 44. Bf3# 1-0

[Variant "Standard"]
[Site "Europe Echecs"]

[Event "Championnat du monde jeunes U10"]
[Date "2024.11.25"]
[White "Mitrovic, Vasilije"]
[Black "Larionov, Serghei"]
[WhiteElo "1590"]
[BlackElo "1720"]
[Round "10.3"]
[Result "1/2-1/2"]
[TimeControl "5400+30"]

1. e4 e5 2. Nf3 Nc6 3. Bc4 Bc5 4. c3 Nf6 5. d4 exd4 6. cxd4 Bb4+ 7. Bd2 Bxd2+ 8. Nbxd2 d5 9. exd5 Nxd5 10. O-O O-O 11. Rc1 Nb6 12. Bb3 Bf5 13. Re1 Nb4 14. Re3 N4d5 15. Re1 c6 16. Nc4 Nxc4 17. Bxc4 Nb6 18. Bb3 Bg4 19. Re3 Qd6 20. h3 Bh5 21. g4 Bg6 22. Nh4 Nd5 23. Bxd5 Qxd5 24. Nxg6 fxg6 25. Qb3 Qxb3 26. axb3 Rfe8 27. Rce1 Kf7 1/2-1/2

[Variant "Standard"]
[Site "Europe Echecs"]

[Event "Championnat du monde jeunes U10"]
[Date "2024.11.25"]
[White "Sahin, Yusuf Kerem"]
[Black "Czech, Emil"]
[WhiteElo "1720"]
[BlackElo "1608"]
[Round "10.4"]
[Result "1-0"]
[TimeControl "5400+30"]

1. d4 d5 2. c4 e6 3. Nf3 Nf6 4. g3 Be7 5. Bg2 O-O 6. O-O c6 7. Qc2 h6 8. Nbd2 Nbd7 9. e4 dxe4 10. Nxe4 Nb6 11. b3 a5 12. a4 Bb4 13. Bf4 Nxe4 14. Qxe4 Nd7 15. Rfd1 Nf6 16. Qc2 Bd7 17. Be5 Rc8 18. Bxf6 Qxf6 19. Ne5 Rfd8 20. c5 Be8 21. Qe4 Qf5 22. Rac1 Qxe4 23. Bxe4 f6 24. Nc4 Bh5 25. f3 Rxd4 26. g4 Bxc5 27. Kg2 Bf7 28. Nxa5 b6 29. Nxc6 Rxd1 30. Rxd1 g6 31. b4 Bf8 32. b5 f5 33. a5 Rc7 34. axb6 Rb7 35. Ne7+ Rxe7 36. Bc6 Be8 37. Rd8 Rb7 38. Bxb7 Bxb5 39. Bd5 1-0

[Variant "Standard"]
[Site "Europe Echecs"]

[Event "Championnat du monde jeunes U10"]
[Date "2024.11.25"]
[White "Lee, Yugeon"]
[Black "Gim, Hajin"]
[WhiteElo "1690"]
[BlackElo "1603"]
[Round "10.5"]
[Result "1-0"]
[TimeControl "5400+30"]

1. d4 Nf6 2. c4 c5 3. d5 b5 4. cxb5 a6 5. bxa6 g6 6. Nc3 Bxa6 7. e4 Bxf1 8. Kxf1 d6 9. a4 Bg7 10. g3 O-O 11. Kg2 Nbd7 12. Nf3 Qb6 13. Qe2 Rfb8 14. Nb5 Qa6 15. Ra3 Nb6 16. b3 Ne8 17. Re1 Nd7 18. Nd2 Nb6 19. Nc4 Nxc4 20. bxc4 Qb6 21. f4 Nc7 22. e5 Nxb5 23. cxb5 Qb7 24. Qf3 dxe5 25. fxe5 Rd8 26. Bf4 c4 27. d6 Qxf3+ 28. Kxf3 exd6 29. exd6 g5 30. Bxg5 Rxd6 31. Bf4 Rb6 32. Rb1 c3 33. Ra2 c2 34. Rxc2 Raa6 35. a5 Rxa5 36. Rc6 Ra4 37. Rxb6 Bd4 38.
Rb3 Bc5 39. Rb1 Bxb6 40. Rb3 Kf8 41. Be3 Bxe3 42. Kxe3 Ke7 43. b6 Ra8 44. b7 Rb8 45. Kf4 Kf6 46. Rb6+ Ke7 47. Kg5 f6+ 48. Kf5 h5 49. h4 Kd7 50. Rxf6 Ke7 51. Rb6 Kf7 52. Kg5 Ke7 53. Kxh5 Rh8+ 54. Kg4 Rg8+ 55. Kh3 Rb8 56. g4 Kd7 57. g5 Kc7 58. Rb3 Kd6 59. g6 Ke7 60. h5 Kf6 61. Kg4 Kg7 62. Kg5 Kg8 63. h6 Kh8 64. g7+ Kh7 65. Kf6 Rc8 66. bxc8=R Kxh6 1-0

[Variant "Standard"]
[Site "Europe Echecs"]

[Event "Championnat du monde jeunes U10"]
[Date "2024.11.25"]
[White "Roth, Elai"]
[Black "Friscic, Jakov"]
[WhiteElo "1577"]
[BlackElo "1685"]
[Round "10.6"]
[Result "0-1"]
[TimeControl "5400+30"]

1. e4 c6 2. d4 d5 3. exd5 cxd5 4. Bd3 Nc6 5. c3 Qc7 6. h3 Nf6 7. Nf3 g6 8. O-O Bf5 9. Re1 e6 10. Bf1 Bd6 11. Be3 h5 12. Nbd2 a6 13. Bg5 Ne4 14. Nxe4 Bxe4 15. Nd2 Bf5 16. Bf6 Rh7 17. Nf3 Be7 18. Ng5 Rh6 19. Bxe7 Qxe7 20. Qd2 Rh8 21. h4 O-O-O 22. Bd3 Bxd3 23. Qxd3 Qf6 24. Re3 Ne7 25. Rf3 Nf5 26. Re1 Qe7 27. g3 Kb8 28. Qe2 Qc7 29. Qe5 Qxe5 30. dxe5 Rd7 31. Rd1 b5 32. b3 Rc8 33. Rdd3 Kc7 34. Rf4 Kb6 35. c4 bxc4 36. bxc4 d4 37. Rb3+ Kc5 38. Rb1 Rcc7 39. Rc1 Kb4 40. Rf3 d3 41. Rd1 Kxc4 42. Ne4 Rb7 43. Rc1+ Kb4 44. Nc5 Nd4 45. Rf4 d2 46. Nd3+ Ka3 47. Rd1 Ne2+ 48. Kf1 Nxf4 49. Nxf4 Kxa2 50. Ke2 Rb1 51. Rxd2+ Rb2 52. Rxb2+ Kxb2 53. Nd3+ Rxd3 54. Kxd3 a5 55. Kc4 a4 56. Kc5 a3 57. Kd6 a2 58. Ke7 a1=Q 59. Kxf7 Qb1 60. Kxe6 Qf5+ 61. Kd6 Qxf2 62. e6 Qxg3+ 63. Kd7 Qxh4 64. e7 Qxe7+ 65. Kxe7 h4 0-1

[Variant "Standard"]
[Site "Europe Echecs"]

[Event "Championnat du monde jeunes U10"]
[Date "2024.11.25"]
[White "Wang, Yuwei"]
[Black "Makhsatuly, Rakhim"]
[WhiteElo "1576"]
[BlackElo "1683"]
[Round "10.7"]
[Result "0-1"]
[TimeControl "5400+30"]

1. d4 Nf6 2. c4 e6 3. Nc3 b6 4. Nf3 Bb7 5. Bf4 d6 6. e3 Be7 7. Bd3 O-O 8. O-O c5 9. d5 exd5 10. Nxd5 Bxd5 11. cxd5 Nh5 12. Bg3 Nxg3 13. hxg3 Nd7 14. e4 a6 15. a4 Qc7 16. Rc1 Qb7 17. Qe2 Bf6 18. Nh4 g6 19. f4 Bg7 20. g4 Rfb8 21. Ra1 Re8 22. g5 f5 23. gxf6 Nxf6 24. Qc2 Rac8 25. Rfe1 c4 26. Bf1 b5 27. Nf3 Qb6+ 28. Kh1 Qc5 29. axb5 axb5 30. Ng5 Ng4 31. Ne6 Rxe6 32. dxe6 Qh5+ 33. Kg1 Qh2# 0-1

[Variant "Standard"]
[Site "Europe Echecs"]

[Event "Championnat du monde jeunes U10"]
[Date "2024.11.25"]
[White "Burba, Mikita"]
[Black "Aghoyan, Gevorg"]
[WhiteElo "1528"]
[BlackElo "1682"]
[Round "10.8"]
[Result "1-0"]
[TimeControl "5400+30"]

1. e4 c5 2. Nf3 Nc6 3. d4 cxd4 4. Nxd4 g6 5. Nc3 Bg7 6. Be3 Nf6 7. Bc4 O-O 8. Bb3 d5 9. exd5 Na5 10. h3 Nxb3 11. Nxb3 b6 12. Qd2 Bb7 13. O-O-O Qd7 14. f3 Rfd8 15. d6 exd6 16. Bf4 d5 17. Nd4 a6 18. g4 Rac8 19. Bh6 Bh8 20. h4 Rc4 21. Qf2 b5 22. h5 b4 23. Nce2 Rdc8 24. Kb1 a5 25. hxg6 fxg6 26. Bg5 Rf8 27. Qh4 Ba6 28. Nf4 Bc8 29. Nxg6 Rf7 30. Nxh8 Kxh8 31. Bxf6+ Kg8 32. Qg5+ Kf8 33. Qh6+ Kg8 34. Rh5 Rxf6 35. Qxf6 h6 36. Nf5 Rxc2 37. Nxh6+ Kh7 38. Nf7+ Kg8 39. Rh8# 1-0

[Variant "Standard"]
[Site "Europe Echecs"]

[Event "Championnat du monde jeunes U10"]
[Date "2024.11.25"]
[White "Megagiannis, Maximos"]
[Black "Youn, Laeho"]
[WhiteElo "1682"]
[BlackElo "1520"]
[Round "10.9"]
[Result "1-0"]
[TimeControl "5400+30"]

1. e4 e6 2. d4 d5 3. Nc3 Nf6 4. Bg5 Be7 5. e5 Nfd7 6. Bxe7 Kxe7 7. Qg4 g6 8. f4 a6 9. O-O-O b5 10. a3 Re8 11. Qh4+ Kf8 12. Qxh7 c5 13. dxc5 Qa5 14. Nf3 Nxc5 15. Ng5 Ra7 16. Qh8+ Ke7 17. Qf6+ Kf8 18. Bd3 d4 19. Bxg6 dxc3 20. Bxf7 cxb2+ 21. Kb1 Qd8 22. Nh7# 1-0

[Variant "Standard"]
[Site "Europe Echecs"]

[Event "Championnat du monde jeunes U10"]
[Date "2024.11.25"]
[White "Della Penna, Leonardo"]
[Black "Kaloh, Edvard"]
[WhiteElo "1675"]
[BlackElo "1506"]
[Round "10.10"]
[Result "0-1"]
[TimeControl "5400+30"]

1. e4 e5 2. Nf3 Nf6 3. Nxe5 Nc6 4. Nxc6 dxc6 5. Nc3 Bc5 6.
Be2 h5 7. h3 Qd4 8. O-O Ng4 9. Bxg4 hxg4 10. g3 Qe5 11. Kg2 Rxh3 12. Qe2 Qh5 13. Rg1 Rh2+ 14. Kf1 Rh1 0-1

[Variant "Standard"]
[Site "Europe Echecs"]

[Event "Championnat du monde jeunes U10"]
[Date "2024.11.25"]
[White "Wu, Chenyu"]
[Black "Iliev, Stoyan"]
[WhiteElo "1503"]
[BlackElo "1671"]
[Round "10.11"]
[Result "1/2-1/2"]
[TimeControl "5400+30"]

1. d4 d5 2. c4 e6 3. Nc3 Nf6 4. Nf3 Bb4 5. Qa4+ Nc6 6. e3 Bd7 7. Qc2 Bxc3+ 8. bxc3 O-O 9. Bd3 h6 10. O-O Re8 11. cxd5 exd5 12. Rb1 Bg4 13. Rxb7 Bxf3 14. gxf3 Nd7 15. e4 Nb6 16. Bf4 Re7 17. exd5 Nxd5 18. Bg3 Nxc3 19. Qxc3 Nxd4 20. Kg2 Nxf3 21. Bh7+ Kxh7 22. Qxf3 Rb8 23. Rxa7 Rb2 24. Bh4 f6 25. Ra8 Rb8 26. Rxb8 Qxb8 27. a4 Qa7 28. Qd3+ Kg8 29. Ra1 Qa8+ 30. Kg1 Qa5 31. Bg3 Re1+ 32. Rxe1 Qxe1+ 33. Kg2 Qb4 34. Qc2 c5 35. Bd6 Qg4+ 36. Kf1 Qh3+ 37. Kg1 Qg4+ 38. Bg3 h5 39. Kf1 h4 40. Bb8 h3 41. a5 Qg2+ 42. Ke2 Qg4+ 43. Kd2 Qb4+ 44. Ke2 Qxb8 45. Qe4 Qb5+ 46. Kf3 Qxa5 47. Qe8+ 1/2-1/2

[Variant "Standard"]
[Site "Europe Echecs"]

[Event "Championnat du monde jeunes U10"]
[Date "2024.11.25"]
[White "Munoz Padilla, Andres"]
[Black "Mariani, Kim Paul"]
[WhiteElo "1604"]
[BlackElo "1814"]
[Round "10.12"]
[Result "0-1"]
[TimeControl "5400+30"]

1. e4 c5 2. Nf3 Nc6 3. d4 cxd4 4. Nxd4 e5 5. Nb5 d6 6. N1c3 a6 7. Na3 Be6 8. Nc4 Nf6 9. Be3 b5 10. Nd2 Be7 11. a3 O-O 12. Be2 Qd7 13. h3 d5 14. exd5 Nxd5 15. Nxd5 Bxd5 16. Nb3 Rad8 17. Nc5 Bxc5 18. Bxc5 Qb7 19. Qc1 Rfe8 20. Rg1 Nd4 21. Qd2 Bc4 22. Bd3 e4 23. Bxd4 exd3+ 24. Be3 dxc2 25. Qxc2 Bd3 26. Qb3 Qc7 27. g3 Qc5 0-1

[Variant "Standard"]
[Site "Europe Echecs"]

[Event "Championnat du monde jeunes U10"]
[Date "2024.11.25"]
[White "Zilincan, Tomas"]
[Black "Thorulsley, Kairaav"]
[WhiteElo "1778"]
[BlackElo "1520"]
[Round "10.13"]
[Result "1-0"]
[TimeControl "5400+30"]

1. Nf3 c5 2. c4 Nf6 3. Nc3 d6 4. g3 g6 5. Bg2 Bg7 6. d4 cxd4 7. Nxd4 a6 8. O-O O-O 9. b3 Qc7 10. Bb2 e6 11. Rc1 Bd7 12. Qd2 Rd8 13. Rfd1 Be8 14. e4 Qe7 15. e5 dxe5 16. Nf5 Qd7 17. Qe2 Qc7 18. Rxd8 Qxd8 19. Nxg7 Kxg7 20. Bxb7 Ra7 21. Bg2 Qd6 22. Ne4 Nxe4 23. Qxe4 f6 24. c5 Qc7 25. b4 Bc6 26. Qc4 Bxg2 27. Kxg2 Qc6+ 28. Kg1 Qd5 29. a4 Qxc4 30. Rxc4 Rc7 31. b5 axb5 32. axb5 Nd7 33. Ba3 Kf7 34. b6 Rc6 35. Ra4 Nxb6 36. Ra7+ Kg8 37. Ra6 Rc8 38. cxb6 Rb8 39. Bd6 Rxb6 40. Rxb6 e4 41. Rb7 e5 42. Kf1 h5 43. Ke2 g5 44. Ke3 f5 45. Bxe5 g4 46. Bd6 f4+ 47. Kxf4 e3 48. Kg5 e2 49. Kg6 e1=R 50. Rb8+ Re8 51. Rxe8# 1-0

[Variant "Standard"]
[Site "Europe Echecs"]

[Event "Championnat du monde jeunes U10"]
[Date "2024.11.25"]
[White "Ostapenko, Volodymyr"]
[Black "Vydra, David"]
[WhiteElo "1720"]
[BlackElo "1615"]
[Round "10.15"]
[Result "1-0"]
[TimeControl "5400+30"]

1. e4 c5 2. Nf3 d6 3. c3 Nf6 4. Bd3 a6 5. Bc2 e6 6. O-O Be7 7. d4 cxd4 8. cxd4 b5 9. Re1 Bb7 10. Bg5 Nbd7 11. Nbd2 O-O 12. Nf1 Rc8 13. Ng3 h6 14. Be3 Ng4 15. Bd2 Qb6 16. h3 Ngf6 17. Be3 d5 18. e5 Ne4 19. Nxe4 dxe4 20. Nd2 f5 21. Nb1 Rfd8 22. Nc3 Bb4 23. d5 Qc7 24. d6 Qc6 25. Bb3 Re8 26. Qh5 Nxe5 27. Qxf5 Nc4 28. Qg6 Kh8 29. Bxh6 gxh6 30. Qxh6+ Kg8 31. Rxe4 Re7 32. Rg4+ Kf7 33. Qg6+ Kf8 34. Qg8# 1-0

[Variant "Standard"]
[Site "Europe Echecs"]